 Dungeon Crawl Stone Soup version 0.27.0-66-gdc8fb28755 (webtiles) character file.

Game seed: 5766337151072707814

466 Ravenswing17 the Shield-Bearer (level 7, -12/36 HPs)
             Began as a Vine Stalker Fighter on Aug 19, 2021.
             Was an Initiate of Gozag.
             Mangled by an ogre (15 damage)
             ... on level 4 of the Dungeon on Aug 20, 2021.
             The game lasted 00:11:47 (4262 turns).

Ravenswing17 the Shield-Bearer (VSFi)               Turns: 4262, Time: 00:11:48

Health: -12/36     AC: 14    Str: 21    XL:     7   Next: 8%
Magic:  0/8        EV:  8    Int:  8    God:    Gozag
Gold:   448        SH: 10    Dex: 13    Spells: 6/6 levels left

rFire    . . .     SeeInvis .   m - +1 short sword (vamp)
rCold    . . .     Faith    .   c - +0 kite shield
rNeg     . . .     Spirit   +   b - +1 scale mail
rPois    .         Reflect  .   s - +1 helmet
rElec    .         Harm     .   v - +0 cloak
rCorr    .         Rampage  .   n - +2 pair of gloves
Will     .....                  (no boots)
Stlth    ..........             (no amulet)
HPRegen  1.12/turn              d - ring of flight
MPRegen  0.11/turn              (no ring)

@: lethally poisoned (-12 -> -20), flying
A: fangs 2, regeneration 1, magic shield, antimagic bite, no potion heal 2
a: Renounce Religion, Potion Petition, Call Merchant, Bribe Branch


You were on level 4 of the Dungeon.
You worshipped Gozag.
Gozag was aware of your devotion.
You visited 1 branch of the dungeon, and saw 4 of its levels.

You collected 486 gold pieces.
You paid 38 gold pieces to Gozag.

Inventory:

Hand Weapons
 m - a +1 vampiric short sword (weapon)
 p - a +2 dagger of venom
Missiles
 e - 22 sling bullets
 f - 27 poisoned darts
 h - 153 stones (quivered)
 i - 42 arrows
Armour
 b - a +1 scale mail (worn)
 c - a +0 kite shield (worn)
 n - a +2 pair of gloves (worn)
 s - a +1 helmet (worn)
 v - a +0 cloak (worn)
Jewellery
 d - a ring of flight (left hand)
Wands
 t - a wand of flame (21)
Scrolls
 a - a scroll of magic mapping
 j - a scroll of teleportation
 o - a scroll of blinking
 q - a scroll of immolation
Potions
 g - a potion of attraction {unknown}
 k - a potion of brilliance
 l - 4 potions of curing
 r - 2 potions of haste {unknown}


   Skills:
 + Level 3.4 Fighting
 + Level 2.8(3.2) Short Blades
 + Level 2.2(3.0) Long Blades
 + Level 0.3 Throwing
 + Level 3.7 Armour
 + Level 1.6 Dodging
 + Level 1.1 Stealth
 + Level 4.1 Shields


You had 6 spell levels left.
You didn't know any spells.
Your spell library contained the following spells:

 Spells                   Type           Power      Damage    Failure   Level
 Sting                    Tmut/Pois      0%         1d3       99%         1


Dungeon Overview and Level Annotations

Branches:
Dungeon (4/15)
 Temple: D:4-7

Altars:
Gozag
Kikubaaqudgha
Nemelex Xobeh
Sif Muna
Uskayaw
Wu Jian
Yredelemnul
The Shining One

Annotations:
D:4 1 transporter, zuma992's ghost, amateur DDEE


Innate Abilities, Weirdness & Mutations

You have extremely sharp teeth.
Your natural rate of healing is unusually fast.
When hurt, damage is shared between your health and your magic reserves.
Your bite disrupts and absorbs the magic of your enemies.
Potions cannot restore your health.


Message History

Your +2 dagger of venom begins to drip with poison!
p - a +2 dagger of venom (weapon)
You now have 448 gold pieces (gained 6).
There is an open translucent door, spattered with blood here.
Things that are here:
a +2 quarterstaff of chaos; a +0 cloak
u - a +2 quarterstaff of chaos
v - a +0 cloak You start putting on your armour.
You continue putting on your +0 cloak. x4
You finish putting on your +0 cloak.
Partly explored, unvisited transporter.
Partly explored, unvisited transporter.
Okay, then.
There is an open translucent door, spattered with blood here.
The ogre shouts!
You can't wield that with a shield.
You can't go down here!
Okay, then.
You drop a +2 quarterstaff of chaos.
Zuma992's ghost turns its malevolent gaze towards you.
Your +2 dagger of venom stops dripping with poison.
You feel a sense of dread.
m - a +1 vampiric short sword (weapon)
The ogre shouts!
There is a transporter here.
You enter the transporter and appear at another place.
The ogre hits you with the +4 dire flail of Symmetry {venom, rN+ rCorr Str+3}.
You are poisoned.
You barely miss the ogre.
You feel sick.
The ogre hits you with the +4 dire flail of Symmetry {venom, rN+ rCorr Str+3}!
You are more poisoned.
You hit the ogre.
You feel better.
You bite the ogre. You drain its power.
You feel invigorated.
The ogre is moderately wounded.
You feel very sick.
The ogre hits you with a +0 giant club!!
* * * LOW HITPOINT WARNING * * *
The ogre hits you with the +4 dire flail of Symmetry {venom, rN+ rCorr Str+3}!
You die...
Your body crumbles into a pile of gold.

#..........########### #...
#...).......).......[#####...
#..........#########.........
#.............#### ##..###...
####.######......## #..# #...
#..## ######..###..# ####
##..#############...####..
####.....©.....#.........
#..##@..##..#...###...
#.#.O#O#..#.#.........
#.#..#W#..#.#........#
#..##...##..#......#..
#######©....[:....#....#####
#.....#############.......##
##...#.....©.©.........##..#
###.........)..........##..
#####......#.##.#.....###


You could see 2 ogres and zuma992's ghost.

Vanquished Creatures
  Eustachio (D:4)
  A phantom (D:4)
  A crimson imp (D:3)
  Crazy Yiuf (D:4)
  An iguana (D:4)
  An orc wizard (D:4)
  3 adders (D:2)
  An adder skeleton (D:2)
  A worm (D:4)
  3 dart slugs
  5 orcs
  9 ball pythons
  2 bats (D:2)
  4 endoplasms
  3 giant cockroaches
  5 hobgoblins
  14 jackals
  14 kobolds
  A quokka (D:1)
  3 frilled lizards
  8 goblins
  A goblin skeleton (D:3)
  5 hobgoblin zombies (D:3)
  A kobold zombie (D:3)
  2 orc skeletons (D:3)
  An orc zombie (D:3)
  A quokka skeleton (D:4)
  2 rats (D:2)
95 creatures vanquished.

Notes
Turn   | Place    | Note
-------+----------+-------------------------------------------
     0 | D:1      | Ravenswing17 the Vine Stalker Fighter began the quest for
                  | the Orb.
     0 | D:1      | Reached XP level 1. HP: 11/11 MP: 2/2
   216 | D:1      | Reached XP level 2. HP: 12/16 MP: 3/3
   386 | D:1      | Reached skill level 3 in Shields
   561 | D:1      | Found a faded altar of an unknown god.
   576 | D:1      | Got Plato's Handbook of Venom
  1225 | D:2      | Reached XP level 3. HP: 19/19 MP: 4/4
  1891 | D:2      | Gained mutation: Your natural rate of healing is unusually
                  | fast. [Vine Stalker growth]
  1891 | D:2      | Reached XP level 4. HP: 23/24 MP: 3/5
  2013 | D:2      | Found an opulent altar of Gozag.
  2023 | D:2      | Became a worshipper of Gozag Ym Sagoz the Greedy
  2657 | D:3      | Upgraded the game from 0.27.0-65-ge2af304b15 to
                  | 0.27.0-66-gdc8fb28755
  2659 | D:3      | Found a glowing golden altar of the Shining One.
  2709 | D:3      | Reached XP level 5. HP: 28/28 MP: 6/6
  2878 | D:3      | Found an ornate altar of the Wu Jian Council.
  3100 | D:3      | Reached skill level 1 in Short Blades
  3249 | D:3      | Found a hide-covered altar of Uskayaw.
  3250 | D:3      | Found an ancient bone altar of Kikubaaqudgha.
  3251 | D:3      | Found a shimmering blue altar of Sif Muna.
  3425 | D:3      | Found an opulent altar of Gozag.
  3426 | D:3      | Found a sparkling altar of Nemelex Xobeh.
  3600 | D:4      | Found a transporter.
  3600 | D:4      | Noticed an ogre
  3600 | D:4      | Noticed zuma992's ghost (amateur DDEE)
  3614 | D:4      | Found a basalt altar of Yredelemnul.
  3618 | D:4      | Noticed a phantom
  3639 | D:4      | Killed a phantom
  3640 | D:4      | Reached skill level 1 in Dodging
  3640 | D:4      | Reached XP level 6. HP: 32/32 MP: 7/7
  3844 | D:4      | Identified the +4 dire flail of Symmetry {venom, rN+ rCorr
                  | Str+3}
  3878 | D:4      | Found a transporter.
  3991 | D:4      | Noticed Eustachio
  4015 | D:4      | Killed Eustachio
  4016 | D:4      | Reached skill level 1 in Stealth
  4016 | D:4      | Reached skill level 4 in Shields
  4016 | D:4      | Reached XP level 7. HP: 32/36 MP: 6/8
  4068 | D:4      | Found a runed translucent door.
  4069 | D:4      | Noticed Crazy Yiuf
  4172 | D:4      | Killed Crazy Yiuf
  4262 | D:4      | Mangled by an ogre

Illustrated notes

Levels and vault maps discovered:
D:1:      erik_arrival_cave_to_civilisation [erik_arrival_cave_to_hall],
          layout_basic, shapermc_ecumenical_altar_rom_forum
D:2:      layout_loops_ring, basic_altar, minmay_goblin_kobold_house
D:3:      kennysheep_the_goblin_king, layout_loops_corners,
          grunt_temple_overflow_opulence, nicolae_tso_besieged_by_evil,
          lemuel_coloured_pillars_altar, minitemple, chequers_garden,
          lemuel_flame_loot_1
D:4:      layout_rooms, yredelemnul_altar_generic, gammafunk_ghost_smash,
          uniq_eustachio, uniq_crazy_yiuf_cottage

Skill      XL: |  1  2  3  4  5  6 |
---------------+-------------------+-----
Shields        | 3 4 |  4.1
Long Blades    | 2 |  2.2
Fighting       | 3 |  3.4
Armour         | 3 |  3.7
Short Blades   | 1 2 |  2.8
Dodging        | 1 |  1.6
Stealth        | 1 |  1.1
Throwing       | |  0.3

Action                   |  1- 3 |  4- 6 |  7- 9 || total
-------------------------+-------+-------+-------++-------
Melee: Long sword        |    90 |       |       ||    90
       Bite              |    24 |    69 |     7 ||   100
       Short sword       |     9 |   182 |    12 ||   203
       Dagger            |       |    23 |     4 ||    27
Throw: Stone             |       |     9 |       ||     9
  Use: Scroll            |     2 |     8 |       ||    10
       Potion            |     1 |     2 |       ||     3
Armor: Scale mail        |    57 |    79 |     3 ||   139
Dodge: Dodged            |    50 |    42 |     4 ||    96
Block: Kite shield       |    77 |    74 |     4 ||   155
       Rpst.: Long sword |    10 |       |       ||    10
